 Dungeon Crawl Stone Soup version 0.24.0-125-gc4c63601f3 (webtiles) character file.

Game seed: 16414582735005849535, levelgen mode: deterministic

5075 Frank2 the Basher (level 10, -2/76 HPs)
             Began as a Demonspawn Gladiator on Mar 19, 2020.
             Was a Believer of Fedhas.
             Slain by a yak (13 damage)
             ... on level 9 of the Dungeon.
             The game lasted 00:16:49 (9362 turns).

Frank2 the Basher (Demonspawn Gladiator)            Turns: 9362, Time: 00:16:49

Health: -2/76      AC: 14    Str: 18    XL:     10   Next: 31%
Magic:  12/12      EV: 13    Int:  6    God:    Fedhas [**....]
Gold:   19         SH:  0    Dex: 17    Spells: 9/9 levels left

rFire    . . .     SeeInvis .   e - +2 flail (venom)
rCold    + . .     Gourm    .   (no shield)
rNeg     + . .     Faith    .   p - +2 scale mail {rPois}
rPois    +         Spirit   .   c - +2 helmet
rElec    .         Reflect  .   (no cloak)
rCorr    .         Harm     .   (gloves unavailable)
MR       ++...                  A - +0 pair of boots "Taskooth" {+Blink MR+ Int-3}
Stlth    ++........             (no amulet)
HPRegen  0.22/turn              m - ring of positive energy
MPRegen  0.13/turn              B - ring of protection from magic

@: no status effects
A: claws 3, cold resistance 1, nightstalker 2, strong 1, subdued magic 1
a: Wall of Briars, Renounce Religion, Evoke Blink


You were on level 9 of the Dungeon.
You worshipped Fedhas.
Fedhas was pleased with you.
You were not hungry.

You visited 2 branches of the dungeon, and saw 10 of its levels.

You collected 507 gold pieces.
You spent 488 gold pieces at shops.

Inventory:

Hand Weapons
 e - a +2 flail of venom (weapon)
Armour
 c - a +2 helmet (worn)
 p - a +2 scale mail of poison resistance (worn)
 A - the +0 pair of boots "Taskooth" (worn) {+Blink MR+ Int-3}
   (You bought it in a shop on level 7 of the Dungeon)

   It affects your intelligence (-3).
   It affects your resistance to hostile enchantments.
   It lets you blink.
Jewellery
 m - a ring of positive energy (left claw)
 B - a ring of protection from magic (right claw)
Wands
 q - a wand of random effects (22)
 t - a wand of clouds (4)
 v - a wand of flame (43)
Scrolls
 a - 2 scrolls of remove curse
 d - a scroll of identify
 h - 5 scrolls of teleportation
 u - a scroll of blinking
 w - a scroll of fear
Potions
 b - 3 potions of flight
 i - 3 potions of curing
 j - 2 potions of resistance {unknown}
 l - a potion of invisibility {unknown}
 n - a potion of cancellation {unknown}
 o - a potion of might {unknown}
 r - 3 potions of lignification
 s - 2 potions of haste
 x - a potion of magic {unknown}
Comestibles
 f - 21 rations


   Skills:
 + Level 6.3 Fighting
 + Level 9.9 Maces & Flails
 - Level 1.7 Throwing
 + Level 6.7 Armour
 + Level 5.0 Dodging
 * Level 3.4 Evocations


You had 9 spell levels left.
You didn't know any spells.
Your spell library contained the following spells:

 Spells                   Type           Power        Failure   Level  Hunger
 Animate Skeleton         Necr           N/A          77%         1    ##.....
 Pain                     Necr           #...         77%         1    ##.....
 Regeneration             Chrm/Necr      #.........   98%         3    ####...
 Vampiric Draining        Necr           #.........   98%         3    ####...
 Animate Dead             Necr           N/A          100%        4    #####..


Dungeon Overview and Level Annotations

Branches:
Dungeon (9/15)             Temple (1/1) D:5
   Lair: D:8-11         Orc: D:9-12

Altars:
Cheibriados
Dithmenos
Elyvilon
Fedhas
Gozag
Kikubaaqudgha
Makhleb
Nemelex Xobeh
Okawaru
Qazlal
Ru
Sif Muna
Trog
Uskayaw
Vehumet
Wu Jian
Xom
Yredelemnul
The Shining One

Shops:
D:7 [[*   D:8 [

Annotations:
D:9 1 transporter


Innate Abilities, Weirdness & Mutations

You have claws for hands.
Your flesh is cold resistant. (rC+)
You are significantly more attuned to the shadows.
Your muscles are strong. (Str +2)
Your spells are a little easier to cast, but a little less powerful.


Message History

Okay, then.
You feel better. The yak closely misses you.
You thump the yak!
The yak looks as sick as possible!
The yak is moderately wounded.
The yak closely misses you.
You hit the yak but do no damage.
The yak looks as sick as possible!
The yak is moderately wounded.
The yak barely misses you.
You completely miss the yak.
The yak is heavily wounded.
The yak gores you!
* * * LOW HITPOINT WARNING * * *
You barely miss the yak.
The yak is heavily wounded.
The yak barely misses you.
You completely miss the yak.
The yak is heavily wounded.
The yak gores you!
You die...
Fedhas appreciates your contribution to the ecosystem.

######### #.......#
#.#####.# #.# #.# #.#
###.### #.# #.[...# #
#.###...#.######.###
#.##.....)....@Y...#
###.###...########.#.#
.##.......# #
.......#.## .#####...#
.# ###'## .# ##...##
.# ##.....## ##
##.......##


You could see a yak.

Vanquished Creatures
  2 hornets (D:9)
  Eustachio (D:4)
  5 yaks (D:9)
  Menkaure (D:6)
  Edmund (D:4)
  A water moccasin (D:8)
  A soldier ant (D:9)
  Duvessa (D:4)
  A sky beast (D:5)
  3 ice beasts (D:8)
  3 phantoms
  6 ogres
  A centaur (D:7)
  A gnoll sergeant (D:8)
  3 bullfrogs
  A wyvern skeleton (D:9)
  Dowan (D:4)
  4 howler monkeys
  3 crimson imps
  A bullfrog zombie (D:8)
  7 hounds
  5 jellies
  5 orc priests
  12 orc wizards
  A bullfrog skeleton (D:5)
  A centaur skeleton (D:6)
  2 iguanas
  8 worker ants
  A hound zombie (D:7)
  6 gnolls
  A worker ant zombie (D:8)
  9 adders
  A shadow imp (D:6)
  5 oozes
  An adder skeleton (D:8)
  4 worms
  2 dart slugs
  4 leopard geckos
  26 orcs
  2 ball pythons
  6 giant cockroaches
  7 goblins
  11 hobgoblins
  9 jackals
  15 kobolds
  10 quokkas
  8 bats
  3 frilled lizards
  A jackal skeleton (D:4)
  A jackal zombie (D:7)
  A leopard gecko skeleton (D:5)
  A quokka zombie (D:5)
  7 rats
224 creatures vanquished.

Vanquished Creatures (others)
  A worm (D:2)
  2 jackals (D:2)
3 creatures vanquished.

Grand Total: 227 creatures vanquished

Notes
Turn   | Place    | Note
-------+----------+-------------------------------------------
     0 | D:1      | Frank2 the Demonspawn Gladiator began the quest for the
                  | Orb.
     0 | D:1      | Reached XP level 1. HP: 16/16 MP: 1/1
   127 | D:1      | Reached skill level 3 in Maces & Flails
   127 | D:1      | Gained mutation: You have sharp fingernails. [demonic
                  | ancestry]
   127 | D:1      | Reached XP level 2. HP: 11/22 MP: 2/2
   608 | D:1      | Reached XP level 3. HP: 25/27 MP: 3/3
  1099 | D:2      | Gained mutation: Your flesh is cold resistant. (rC+)
                  | [demonic ancestry]
  1099 | D:2      | Reached XP level 4. HP: 33/34 MP: 4/4
  1540 | D:3      | Reached skill level 1 in Armour
  1668 | D:2      | Reached skill level 4 in Maces & Flails
  2315 | D:3      | Gained mutation: You are slightly more attuned to the
                  | shadows. [demonic ancestry]
  2315 | D:3      | Reached XP level 5. HP: 38/39 MP: 5/5
  2954 | D:4      | Noticed Eustachio
  3016 | D:4      | Killed Eustachio
  3016 | D:4      | Gained mutation: You are significantly more attuned to the
                  | shadows. [demonic ancestry]
  3016 | D:4      | Reached XP level 6. HP: 9/47 MP: 6/6
  3615 | D:4      | Gained mutation: Your spells are a little easier to cast,
                  | but a little less powerful. [potion of mutation]
  3615 | D:4      | Gained mutation: Your muscles are strong. (Str +2) [potion
                  | of mutation]
  3632 | D:4      | Noticed Edmund
  3647 | D:4      | Killed Edmund
  3647 | D:4      | Reached skill level 5 in Maces & Flails
  3663 | D:4      | Reached XP level 7. HP: 22/52 MP: 7/7
  3878 | D:4      | Noticed Duvessa
  3878 | D:4      | Noticed Dowan
  3884 | D:4      | Killed Dowan
  3889 | D:4      | Killed Duvessa
  3955 | D:4      | Reached skill level 6 in Maces & Flails
  4291 | D:4      | Gained mutation: You have very sharp fingernails. [demonic
                  | ancestry]
  4291 | D:4      | Reached XP level 8. HP: 56/60 MP: 8/8
  4313 | D:4      | Found an opulent altar of Gozag.
  4391 | D:4      | Found an ornate altar of the Wu Jian Council.
  4563 | D:5      | Entered Level 5 of the Dungeon
  4705 | D:5      | Reached skill level 7 in Maces & Flails
  5027 | D:5      | Found a bloodstained altar of Trog.
  5309 | D:5      | Found a staircase to the Ecumenical Temple.
  5326 | Temple   | Entered the Ecumenical Temple
  5756 | D:6      | Noticed Menkaure
  5768 | D:6      | HP: 3/61 [Menkaure (9)]
  5995 | D:6      | Reached skill level 8 in Maces & Flails
  6001 | D:6      | Killed Menkaure
  6001 | D:6      | Reached skill level 5 in Fighting
  6119 | D:6      | Found an ancient bone altar of Kikubaaqudgha.
  6165 | D:6      | Found a sacrificial altar of Ru.
  6213 | D:6      | Reached XP level 9. HP: 60/68 MP: 9/9
  6282 | D:6      | Reached skill level 5 in Armour
  7181 | D:7      | Found a blossoming altar of Fedhas.
  7182 | D:7      | Found a stormy altar of Qazlal.
  7191 | D:7      | Became a worshipper of Fedhas Madash
  7211 | D:7      | Found Jokkafo's Antique Armour Shop.
  7217 | D:7      | Bought a runed scale mail for 203 gold pieces
  7450 | D:7      | Found Cytz's Antique Armour Emporium.
  7540 | D:7      | Found a snail-covered altar of Cheibriados.
  7584 | D:7      | Found Fefiuqan's Assorted Antiques.
  7597 | D:7      | Found a radiant altar of Vehumet.
  7730 | D:8      | Found an iron altar of Okawaru.
  7749 | D:8      | Reached skill level 9 in Maces & Flails
  7749 | D:8      | Reached skill level 1 in Evocations
  7815 | D:8      | Reached * piety under Fedhas
  8625 | D:8      | Found Jovvyl's Armour Shoppe.
  8981 | D:7      | Bought a pair of bloodstained boots for 285 gold pieces
  8986 | D:7      | Identified the cursed +0 pair of boots "Taskooth" {+Blink
                  | MR+ Int-3} (You bought it in a shop on level 7 of the
                  | Dungeon)
  9084 | D:9      | Found a transporter.
  9084 | D:9      | Noticed a kobold demonologist
  9109 | D:9      | Gained mutation: You have claws for hands. [demonic
                  | ancestry]
  9109 | D:9      | Reached XP level 10. HP: 57/76 MP: 11/11
  9120 | D:9      | Reached ** piety under Fedhas
  9331 | D:9      | Reached skill level 5 in Dodging
  9362 | D:9      | Slain by a yak

Levels and vault maps discovered:
D:1:      eino_arrival_druids_welcome, layout_loops_ring
D:2:      kb_forest_paths, layout_loops_cross, lemuel_flame_loot_1
D:3:      layout_basic, minmay_vboxes
D:4:      layout_loops_ring, grunt_gozag_breadcrumbs, kennysheep_little_box,
          first_ration, uniq_edmund, uniq_duvessa, uniq_eustachio
D:5:      minmay_evil_eye, layout_loops_ring, old_standard_altar, temple_green
D:6:      layout_gridville, lemuel_crystal_altar,
          nicolae_ru_great_annihilating_truth, uniq_menkaure
D:7:      layout_basic, cheibriados_altar_1,
          grunt_temple_overflow_forces_of_nature, serial_shops,
          nicolae_shop_crystal, nicolae_shop_behind_doors,
          nicolae_shop_overgrown_old_shop, vehumet_altar_wand_db
D:8:      kennysheep_six_static_rooms, layout_basic, okawaru_trees_1,
          serial_shops, shop
D:9:      gammafunk_wand_slinger, layout_loops_corners,
          chequers_temple_overflow_statue_of_worship, hangedman_pestilent_swarm,
          nicolae_wwwww
Temple:   jpeg_temple_island

Skill      XL: |  1  2  3  4  5  6  7  8  9 10 |
---------------+-------------------------------+-----
Maces & Flails | 3 4 5 6 8 9 |  9.9
Dodging        | 3 4 5 |  5.0
Armour         | 1 2 3 4 6 |  6.7
Fighting       | 3 4 5 6 |  6.3
Evocations     | 2 3 |  3.4
Throwing       | |  1.7

Action                   |  1- 3 |  4- 6 |  7- 9 | 10-12 || total
-------------------------+-------+-------+-------+-------++-------
Melee: Flail             |   116 |   240 |   469 |    61 ||   886
Throw: Throwing net      |     4 |     5 |       |       ||     9
  Use: Scroll            |     1 |    11 |    16 |       ||    28
       Potion            |       |     5 |     4 |     2 ||    11
 Stab: Held in net/web   |       |     1 |       |       ||     1
       Sleeping          |       |       |    14 |       ||    14
       Distracted        |       |       |     1 |       ||     1
  Eat: Chunk             |       |     6 |    14 |     1 ||    21
       Ration            |       |     1 |     1 |       ||     2
Armor: Ring mail         |    43 |    47 |       |       ||    90
       Leather armour    |     1 |       |       |       ||     1
       Scale mail        |       |    49 |   186 |    13 ||   248
Dodge: Dodged            |    76 |   194 |   260 |    19 ||   549
